[Event "*** Titled Tuesday Blitz"]
[Site "Chess.com"]
[Date "2021.03.30"]
[Round "10"]
[White "Shuvalov"]
[Black "SanchezKelvin"]
[Result "1-0"]
[WhiteElo "2440"]
[BlackElo "2586"]
[TimeControl "180+1"]
[EndTime "11:56:35 PDT"]
[Termination "Shuvalov won by resignation"]

1. Nf3 c5 2. c4 g6 3. d4 Bg7 4.
d5 Nf6 5. Nc3 O-O 6. e4 d6 7. h3 e6 8. Bd3 exd5 9. exd5 Re8+ 10. Be3 Nfd7 11. O-O Ne5 12. Nxe5 Bxe5 13. Qd2 Nd7 14. Rae1 Bg7 15. f4 Rxe3 16. Rxe3 Bd4 17. Kh1 Bxe3 18. Qxe3 Nf6 19. f5 Qe8 20. Qf4 Nh5 21.
Qxd6 Qe3 22. Rf3 Qc1+ 23. Kh2 Qxb2 24. fxg6 hxg6 25. Bxg6 Qb6 26. Bxf7+ Kg7 27. Qe5+ Nf6 28. Be6 Bxe6 29. Qxf6+ Kh7 30. dxe6 Qd6+ 31. Rg3 Rg8 32. Qf7+ 1-0

[Event "*** Titled Tuesday Blitz"]
[Site "Chess.com"]
[Date "2021.03.30"]
[Round "10"]
[White "Leonid_Starozhilov"]
[Black "chess94cu"]
[Result "1-0"]
[WhiteElo "2731"]
[BlackElo "2602"]
[TimeControl "180+1"]
[EndTime "11:56:36 PDT"]
[Termination "Leonid_Starozhilov won by resignation"]

1. e4 c6 2. d3 d5 3. Nd2 Nd7 4.
Ngf3 dxe4 5. dxe4 e5 6. Bc4 Be7 7. a4 Ngf6 8. Qe2 Qc7 9. Ng5 O-O 10. Bxf7+ Rxf7 11. Qc4 Nd5 12. Nxf7 N7b6 13. Qb3 Kxf7 14. exd5 cxd5 15. a5 Nc4 16. Nxc4 dxc4 17. Qf3+ Kg8 18.
O-O Be6 19. a6 Rb8 20. axb7 Rxb7 21. Be3 Bf6 22. Ra6 Bf7 23. Rfa1 Rxb2 24. Rxa7 Qd6 25.
Ra8+ Bd8 26. Bg5 Rb8 27. Rxb8 Qxb8 28. Bxd8 e4 29. Qxe4 Qxd8 30. Ra8 1-0

[Event "*** Titled Tuesday Blitz"]
[Site "Chess.com"]
[Date "2021.03.30"]
[Round "10"]
[White "Evgeny81"]
[Black "DenLaz"]
[Result "0-1"]
[WhiteElo "2779"]
[BlackElo "2855"]
[TimeControl "180+1"]
[EndTime "11:56:38 PDT"]
[Termination "DenLaz won by resignation"]

1. e4 e5 2. Nf3 Nc6 3. Bc4 Bc5 4. c3 Nf6 5. d3 d6 6. Bb3 a6 7. Nbd2 O-O 8. h3 Be6 9. Nf1 d5 10. Qe2 h6 11. g4 Nh7 12. Ng3 d4 13. Nf5 Qd7 14.
h4 Rad8 15. Bc2 h5 16. Ng5 Nf6 17. f3 g6 18. Rg1 dxc3 19. Rg2 Bxf5 20. gxf5 Nd4 21.
Qf1 Bb4 22. Kd1 c5 23. fxg6 fxg6 24. f4 c4 25. Nf3 Ng4 26. f5 Nxc2 27. Kxc2 cxd3+ 0-1

[Event "*** Titled Tuesday Blitz"]
[Site "Chess.com"]
[Date "2021.03.30"]
[Round "10"]
[White "ErikRonka"]
[Black "maximnovik"]
[Result "0-1"]
[WhiteElo "2407"]
[BlackElo "2552"]
[TimeControl "180+1"]
[EndTime "11:56:39 PDT"]
[Termination "maximnovik won by resignation"]

1. d4 Nf6 2. c4 g6 3. Nc3 d5 4. Bf4 Bg7 5. Rc1 O-O 6. e3 Be6 7. Nf3 dxc4 8. Ng5 Bd5 9. e4 h6 10. exd5 hxg5 11. Bxg5 Nxd5 12. Bxc4 c6 13. O-O Qd6 14.
Re1 e6 15. Ne4 Qb4 16. Bxd5 cxd5 17. Nf6+ Bxf6 18. Bxf6 Nd7 19. Qf3 Rfc8 20. Rcd1 Qxb2 21. h4 Qc2 22. Rd3 Nxf6 23. Qxf6 Qxd3 24. Re5 Rc4 25. h5 Qd1+ 26. Kh2 Qxd4 27. g3 Rc2 28. Kh3 Qxf2 0-1

[Event "*** Titled Tuesday Blitz"]
[Site "Chess.com"]
[Date "2021.03.30"]
[Round "10"]
[White "vovachesss"]
[Black "Gnechko_Ruslan"]
[Result "1-0"]
[WhiteElo "2647"]
[BlackElo "2475"]
[TimeControl "180+1"]
[EndTime "11:56:48 PDT"]
[Termination "vovachesss won by resignation"]

1. d4 b6 2. e4 Bb7 3. Nc3 e6 4. Nf3 Bb4 5. Bd3 Nf6 6. Qe2 d5 7.
exd5 Nxd5 8. Bd2 Nd7 9. O-O Bxc3 10. bxc3 h6 11. Rfe1 O-O 12. Qe4 N7f6 13. Qh4 Nh7 14. Qg3 Kh8 15. Ne5 c5 16. Re4 cxd4 17. cxd4 Ndf6 18.
Rh4 Qe7 19. Re1 Rad8 20. Bxh6 gxh6 21. Rxh6 Rg8 22. Qh4 Rxg2+ 23. Kf1 Rg7 24. Bxh7 Bg2+ 25. Kg1 Nxh7 26. Rxh7+ Rxh7 27. Qxe7 Rg8 28. Qf6+ Rgg7 29. Nxf7+ Kg8 30. Nh6+ Kh8 31. Qf8+ 1-0

[Event "*** Titled Tuesday Blitz"]
[Site "Chess.com"]
[Date "2021.03.30"]
[Round "10"]
[White "mbojan"]
[Black "eljanov"]
[Result "0-1"]
[WhiteElo "2672"]
[BlackElo "2857"]
[TimeControl "180+1"]
[EndTime "11:56:49 PDT"]
[Termination "eljanov won by resignation"]

1. e4 c6 2. d4 d5 3. Nc3 dxe4 4. Nxe4 Nf6 5. Nxf6+ exf6 6. c3 Bd6 7. Bd3 Na6 8.
Ne2 Nc7 9. O-O O-O 10. Qc2 h5 11. Bd2 h4 12. h3 Nd5 13. Rae1 Re8 14. a3 b5 15. Qc1 Be6 16. b3 Qd7 17. Be4 Bxh3 18. Bxd5 cxd5 19. gxh3 Qxh3 20. Bf4 Qg4+ 21. Kh2 Rxe2 22.
Bxd6 Rae8 23. Rxe2 Qxe2 24. Qf4 Qxf1 0-1

[Event "*** Titled Tuesday Blitz"]
[Site "Chess.com"]
[Date "2021.03.30"]
[Round "10"]
[White "Michaelson_11"]
[Black "davigator"]
[Result "0-1"]
[WhiteElo "2239"]
[BlackElo "2409"]
[TimeControl "180+1"]
[EndTime "11:56:49 PDT"]
[Termination "davigator won on time"]

1. e4 c5 2. Nc3 Nc6 3. Bb5 Nd4 4.
Nf3 e6 5. Ba4 Nf6 6. e5 Ng8 7.
O-O Qc7 8. Re1 a6 9. d3 Ne7 10.
Ne4 Ng6 11. Nxd4 cxd4 12. f4 b5 13. Bb3 Bb7 14. Qh5 Be7 15. Bd2 a5 16. a4 b4 17.
Rac1 Bc6 18. c3 dxc3 19. bxc3 bxc3 20. Rxc3 Bb4 21. Rc2 Bxd2 22. Rxd2 Qb6+ 23. Kh1 Qxb3 24. Nd6+ Kf8 25. f5 Nxe5 26. Rxe5 g6 27. Qh6+ Ke7 28.
Re1 Kxd6 29. Qf4+ Ke7 30. f6+ Kd8 31. Qd6 Re8 32. d4 Qd5 33. Qf4 d6 34. Rb1 Kc7 0-1

[Event "*** Titled Tuesday Blitz"]
[Site "Chess.com"]
[Date "2021.03.30"]
[Round "10"]
[White "esteban062000"]
[Black "pfalcon1949"]
[Result "1-0"]
[WhiteElo "2162"]
[BlackElo "1994"]
[TimeControl "180+1"]
[EndTime "11:56:49 PDT"]
[Termination "esteban062000 won by resignation"]

1. Nf3 c5 2. c4 Nc6 3. b3 d6 4. g3 e5 5. d3 g6 6. Bb2 Bg7 7. Nbd2 Nge7 8. Bg2 O-O 9. O-O h6 10. Re1 Be6 11. Rc1 Qd7 12. e3 Kh7 13. Ne4 f5 14. Nc3 f4 15. exf4 exf4 16. Qe2 Bh3 17. Ne4 Bxg2 18. Kxg2 fxg3 19. hxg3 Bxb2 20. Qxb2 Ng8 21.
Neg5+ hxg5 22. Rh1+ Nh6 23. Rxh6+ Kg8 24. Rxg6+ Kh7 25.
Rxg5 Rxf3 26. Rh1+ 1-0

[Event "*** Titled Tuesday Blitz"]
[Site "Chess.com"]
[Date "2021.03.30"]
[Round "10"]
[White "kuli4ik"]
[Black "EvgenyT"]
[Result "1/2-1/2"]
[WhiteElo "2871"]
[BlackElo "2927"]
[TimeControl "180+1"]
[EndTime "11:56:51 PDT"]
[Termination "Game drawn by agreement"]

1. Nf3 d5 2. d4 Nf6 3. Bf4 c5 4. dxc5 e6 5. e3 Bxc5 6. Be2 O-O 7. O-O b6 8. c4 Bb7 9. Nc3 Nbd7 10. a3 a6 11. Rc1 dxc4 12. Bxc4 b5 13. Ba2 Qb6 14. Qe2 Rac8 15. Rfd1 Rfd8 16. h3 h6 17. Bb1 Be7 18.
Ne5 Nxe5 19. Bxe5 Rxd1+ 20. Rxd1 Qc5 21. Bd4 Qc6 22. e4 Rd8 23. Be5 Rxd1+ 24. Qxd1 Nd7 25.
Bd4 Kf8 26. Be3 Qd6 27. Qxd6 Bxd6 28. f3 Ne5 29. Nd1 g5 30. Kf2 Ke7 31. Ke2 Nc4 32.
Bc1 Be5 33. Bd3 Nd6 34. h4 f6 35. hxg5 hxg5 36. Nf2 Bd4 37. Nd1 Bc6 38. Ne3 Nf7 39. Nc2 Bc5 40. Be3 Kd6 41. Bxc5+ Kxc5 42. b4+ Kd6 43.
Ke3 Ne5 44. Be2 Be8 45. g3 Nc6 46. Nd4 Nxd4 47. Kxd4 e5+ 48. Ke3 Bf7 1/2-1/2

[Event "*** Titled Tuesday Blitz"]
[Site "Chess.com"]
[Date "2021.03.30"]
[Round "10"]
[White "VladimirBugayev"]
[Black "gatocorbis"]
[Result "1-0"]
[WhiteElo "2268"]
[BlackElo "2094"]
[TimeControl "180+1"]
[EndTime "11:56:53 PDT"]
[Termination "VladimirBugayev won by resignation"]

1. e4 c5 2. Nc3 g6 3. d4 Bg7 4. dxc5 Bxc3+ 5. bxc3 Qa5 6. Ne2 Qxc5 7.
Qd4 Qxd4 8. cxd4 Nc6 9. a3 d6 10. Bb2 f6 11. d5 Ne5 12. Nd4 Bd7 13. f4 Nf7 14. Ne6 Bxe6 15. dxe6 Nd8 16. Bb5+ Nc6 17. g4 h5 18. g5 h4 19. f5 Rh5 20. gxf6 Nxf6 21. Rg1 gxf5 22. Bxf6 O-O-O 23. Bxc6 bxc6 24. Bxe7 Re8 25. Bxd6 Rxe6 26. e5 f4 27. O-O-O Rf5 28. Rdf1 c5 29. Rf3 Kd7 30. Rg4 Kc6 31. Rxh4 Rg6 32.
Rhxf4 Rh5 33. h4 Rg2 34. Rc3 1-0

[Event "*** Titled Tuesday Blitz"]
[Site "Chess.com"]
[Date "2021.03.30"]
[Round "10"]
[White "arminmusovic"]
[Black "DeTimmerman"]
[Result "0-1"]
[WhiteElo "2584"]
[BlackElo "2758"]
[TimeControl "180+1"]
[EndTime "11:56:55 PDT"]
[Termination "DeTimmerman won by checkmate"]

1. a3 d5 2. Nc3 d4 3. Ne4 Bf5 4.
Ng3 Bg6 5. f4 h5 6. f5 h4 7. fxg6 hxg3 8. gxf7+ Kxf7 9. Nh3 Rh4 10. hxg3 Rg4 11. e3 Nf6 12. Qf3 Nc6 13. Bc4+ Ke8 14.
Bb5 Qd6 15. Nf4 g5 16. Nh5 Qe6 17. Nxf6+ exf6 18. Rh7 f5 19. Rxc7 Kd8 20. Rxb7 Rc8 21. Bxc6 Rxc6 22. Rb8+ Rc8 23. Rxc8+ Qxc8 24. d3 Bd6 25.
Qd5 Ke7 26. e4 Bxg3+ 27. Kf1 Qxc2 28. Qb7+ Kf8 29. Qa8+ Kg7 30. Qxa7+ Kh6 31. Qa6+ Kh5 32. Qc4 Qf2# 0-1

[Event "*** Titled Tuesday Blitz"]
[Site "Chess.com"]
[Date "2021.03.30"]
[Round "10"]
[White "fabianvivasz"]
[Black "biostatistician"]
[Result "0-1"]
[WhiteElo "2410"]
[BlackElo "2548"]
[TimeControl "180+1"]
[EndTime "11:56:55 PDT"]
[Termination "biostatistician won on time"]

1. c4 Nf6 2. Nf3 g6 3. g3 Bg7 4. Bg2 b6 5. d3 Bb7 6. e4 O-O 7.
O-O c5 8. e5 Ne8 9. Re1 Nc6 10.
Nc3 Nc7 11. d4 cxd4 12. Nxd4 Ne6 13. Nxe6 fxe6 14. Bf4 Na5 15. Bxb7 Nxb7 16. Qd2 Rc8 17. b3 Nc5 18. Rad1 Rc7 19. Nb5 Rb7 20. b4 Na6 21. a3 Qc8 22. Rc1 Nc7 23. Nc3 Rf5 24. Re4 Ne8 25.
g4 Rf7 26. Ne2 Rc7 27. h4 b5 28. cxb5 Qb7 29. Rxc7 Nxc7 30. a4 Qxe4 31. Qxd7 Nd5 32. Qe8+ Rf8 33. Qd7 Nxf4 0-1

[Event "*** Titled Tuesday Blitz"]
[Site "Chess.com"]
[Date "2021.03.30"]
[Round "10"]
[White "Manukyan_Artak"]
[Black "TosicSrecko"]
[Result "1-0"]
[WhiteElo "2459"]
[BlackElo "2315"]
[TimeControl "180+1"]
[EndTime "11:56:55 PDT"]
[Termination "Manukyan_Artak won by resignation"]

1. e4 e6 2. d4 d5 3. e5 c5 4. c3 Nc6 5. Nf3 Bd7 6. a3 f6 7. b4 fxe5 8. Nxe5 Nxe5 9. dxe5 Qc7 10. f4 Ne7 11. Bd3 g6 12. O-O Bg7 13. Be3 b6 14.
Nd2 O-O 15. Nf3 Rac8 16. Rc1 Nf5 17. Bf2 Ne7 18. Qd2 Bh6 19. g3 Nf5 20. h4 Qb7 21.
Ng5 Bxg5 22. hxg5 d4 23. cxd4 Nxd4 24. Bxd4 cxd4 25. Bc4 Rxc4 26. Rxc4 Bb5 27. Qxd4 Bxc4 28. Qxc4 Qd7 29. Qe2 Rd8 30. Re1 Qd4+ 31. Qe3 Qb2 32. Re2 Rd1+ 33. Kg2 Qb1 34. Rd2 Re1 35. Qd4 Qe4+ 36.
Qxe4 Rxe4 37. Kf3 Rc4 38. Rd8+ 1-0

[Event "*** Titled Tuesday Blitz"]
[Site "Chess.com"]
[Date "2021.03.30"]
[Round "10"]
[White "Trickov"]
[Black "PawnEatingZombie"]
[Result "1-0"]
[WhiteElo "2417"]
[BlackElo "2208"]
[TimeControl "180+1"]
[EndTime "11:56:57 PDT"]
[Termination "Trickov won by resignation"]

1. d4 d5 2. Nf3 e6 3. g3 b5 4. Bg2 Nf6 5. O-O Bb7 6. a4 b4 7. c4 c5 8. Nbd2 Nbd7 9. b3 Be7 10. Bb2 O-O 11. Rc1 Qb6 12. cxd5 Bxd5 13. Nc4 Qa6 14.
Nfe5 Bxg2 15. Kxg2 Rfd8 16. e3 Rac8 17. Qf3 cxd4 18. Bxd4 Nxe5 19. Nxe5 Rd5 20. Rc4 Rxc4 21. Nxc4 Rd8 22. Rd1 Nd5 23. Bb2 Qc8 24. Ne5 f6 25. Rc1 Nc3 26. Nc6 Rd7 27. Bxc3 bxc3 28. Rxc3 Bb4 29. Rc4 Bd6 30. Ne7+ 1-0

[Event "*** Titled Tuesday Blitz"]
[Site "Chess.com"]
[Date "2021.03.30"]
[Round "10"]
[White "Limelight2727"]
[Black "Balla_Tamas"]
[Result "0-1"]
[WhiteElo "2373"]
[BlackElo "2539"]
[TimeControl "180+1"]
[EndTime "11:56:58 PDT"]
[Termination "Balla_Tamas won by checkmate"]

1. d4 e6 2. c4 f5 3. e4 fxe4 4. Nc3 Nf6 5. Bg5 Be7 6. Bxf6 Bxf6 7. Nxe4 O-O 8. Nf3 Nc6 9. Qd2 b6 10. Nxf6+ Qxf6 11. O-O-O Bb7 12. Bd3 Qf4 13. Qxf4 Rxf4 14. Bb1 Raf8 15. Rhe1 Na5 16. b3 Bxf3 17. gxf3 Rxf3 18.
d5 exd5 19. Rxd5 d6 20. Rh5 g6 21. Rh6 Kg7 22. Rh4 Rxf2 23. Re7+ R8f7 24. Rhe4 Nc6 25. Rxf7+ Kxf7 26. h4 Ne5 27. h5 Rf1+ 28. Kb2 g5 29.
Re2 h6 30. a3 g4 31. b4 g3 32.
c5 Rf2 33. Rxf2+ gxf2 34. cxb6 axb6 35. a4 f1=Q 36. a5 Qb5 37. Bc2 Qxb4+ 38. Kc1 Qxa5 39. Kd1 Kf6 40. Ke2 Qb5+ 41. Kf2 Qc4 42. Kg3 Qxc2 43. Kf4 Qf5+ 44. Kg3 b5 45. Kh2 b4 46. Kh1 b3 47.
Kh2 b2 48. Kh1 b1=Q+ 49. Kg2 Qbf1+ 50. Kh2 Q5h3# 0-1

[Event "*** Titled Tuesday Blitz"]
[Site "Chess.com"]
[Date "2021.03.30"]
[Round "10"]
[White "canary2016"]
[Black "MasterMK73"]
[Result "0-1"]
[WhiteElo "2033"]
[BlackElo "2265"]
[TimeControl "180+1"]
[EndTime "11:56:58 PDT"]
[Termination "MasterMK73 won by resignation"]

1. d4 d5 2. c4 e6 3. Nf3 c6 4. g3 f5 5. Qc2 Bd6 6. Bf4 Nf6 7. Bg2 O-O 8. O-O b6 9. Nbd2 Bb7 10. Rac1 Qe7 11.
Ne5 Nbd7 12. Ndf3 Rac8 13. Bg5 c5 14. Nxd7 Qxd7 15. cxd5 Nxd5 16. dxc5 Bxc5 17. Qd2 Qe8 18. Rfd1 h6 19. Bf4 Rd8 20. Be5 Qe7 21. Qc2 Nb4 22. Qb1 Be4 23. Qa1 Nc2 24. Rxc2 Bxc2 25. Rxd8 Rxd8 26.
Bd4 Bxd4 27. Qc1 Qc5 28. Nxd4 Rxd4 29. Bf1 Rd1 30. Qf4 Be4 31. Qb8+ Kh7 32. Qe8 Qc1 0-1

[Event "*** Titled Tuesday Blitz"]
[Site "Chess.com"]
[Date "2021.03.30"]
[Round "10"]
[White "Tactictic"]
[Black "Gudmundur_Kjartansson"]
[Result "1-0"]
[WhiteElo "2414"]
[BlackElo "2506"]
[TimeControl "180+1"]
[EndTime "11:56:59 PDT"]
[Termination "Tactictic won by checkmate"]

1. e4 c6 2. d4 d5 3. e5 c5 4. dxc5 e6 5. a3 Bxc5 6. b4 Be7 7. Nf3 f6 8. Bb2 Nc6 9. Bb5 Bd7 10. O-O Nxe5 11. Nxe5 Bxb5 12. Qh5+ g6 13. Nxg6 hxg6 14. Qxh8 Kd7 15. Re1 Qc7 16. Nc3 Bc4 17. Rad1 a5 18.
Ne4 axb4 19. Bxf6 bxa3 20. Bxe7 a2 21. Nc5+ Kxe7 22. Rxe6+ Kf8 23. Rf6+ Ke7 24. Qg7+ Kd8 25. Rf8# 1-0

[Event "*** Titled Tuesday Blitz"]
[Site "Chess.com"]
[Date "2021.03.30"]
[Round "10"]
[White "GMRafpig"]
[Black "shnitez"]
[Result "1-0"]
[WhiteElo "2602"]
[BlackElo "2471"]
[TimeControl "180+1"]
[EndTime "11:57:00 PDT"]
[Termination "GMRafpig won by resignation"]

1. c4 c5 2. g3 Nf6 3. Bg2 e6 4.
Nf3 Be7 5. O-O O-O 6. d4 cxd4 7.
Nxd4 d5 8. cxd5 Nxd5 9. e4 Nb4 10. Nc3 N8c6 11. Nxc6 Nxc6 12. Be3 b6 13. Qa4 Bb7 14. Rfd1 Qe8 15. Rac1 Na5 16. Qxe8 Rfxe8 17. Nb5 Rec8 18. Rxc8+ Bxc8 19. e5 Nb7 20. Rc1 a6 21. Nc7 Rb8 22. Nxa6 Ra8 23. Nc7 Rxa2 24. Nd5 exd5 25. Rxc8+ Bf8 26.
Bxd5 Nc5 27. Bxc5 Ra1+ 28. Kg2 bxc5 29. e6 Ra7 30. exf7+ 1-0

[Event "*** Titled Tuesday Blitz"]
[Site "Chess.com"]
[Date "2021.03.30"]
[Round "10"]
[White "Supernotar"]
[Black "MPGM"]
[Result "1-0"]
[WhiteElo "2719"]
[BlackElo "2588"]
[TimeControl "180+1"]
[EndTime "11:57:01 PDT"]
[Termination "Supernotar won by resignation"]

1. d4 Nf6 2. c4 e6 3. Nf3 b6 4. g3 Ba6 5. Nbd2 d5 6. b3 Nbd7 7. Bg2 Be7 8. O-O O-O 9. Bb2 Rc8 10. Rc1 c5 11. cxd5 exd5 12. Re1 Re8 13. e3 Bf8 14. Bf1 Bxf1 15. Kxf1 a5 16. Kg2 Qe7 17. Qe2 Qe6 18. Rc2 a4 19. Rec1 axb3 20. axb3 h6 21. h3 Ne4 22.
Nxe4 Qxe4 23. Kh2 Bd6 24. Ne1 Re6 25. Nd3 Rce8 26. dxc5 bxc5 27. Qd1 Rf6 28. Bxf6 Nxf6 29. Nxc5 Qf5 30. Kg2 h5 31. Qd3 Qg5 32. h4 Qg4 33.
Qe2 Qf5 34. Qf3 Qe5 35. Nb7 Bb8 36. Rc8 Ne4 37. Rxe8+ Qxe8 38. Qxh5 Nf6 39. Qf5 Nd7 40. Nc5 Ne5 41. Nd3 Nd7 42. Qxd5 Kh7 43. Nf4 Nf6 44. Qf5+ 1-0

[Event "*** Titled Tuesday Blitz"]
[Site "Chess.com"]
[Date "2021.03.30"]
[Round "10"]
[White "karinachess1"]
[Black "prachiti01"]
[Result "1/2-1/2"]
[WhiteElo "2487"]
[BlackElo "2131"]
[TimeControl "180+1"]
[EndTime "11:57:03 PDT"]
[Termination "Game drawn by repetition"]

1. c4 Nf6 2. Nf3 g6 3. g3 Bg7 4. Bg2 O-O 5. O-O d6 6. d4 Nc6 7. Nc3 a6 8. Bf4 Rb8 9. Rc1 Bd7 10. Nd5 e6 11. Nxf6+ Bxf6 12. d5 Ne7 13. dxe6 Bxe6 14. Qd2 Nc6 15. Rfd1 Qe7 16. Bg5 Rfe8 17. h4 Ne5 18.
Bxf6 Qxf6 19. Nxe5 Qxe5 20. e3 Bg4 21. Re1 b6 22. Qd4 Qxd4 23. exd4 Bd7 24. f4 a5 25.
Kf2 f6 26. Rxe8+ Rxe8 27. c5 dxc5 28. dxc5 Bg4 29. Bf1 Rd8 30. Ke3 Re8+ 31. Kf2 Rd8 32. cxb6 cxb6 33. Ke3 Re8+ 34. Kf2 Rd8 35. Ke3 Re8+ 36.
Kf2 Rd8 1/2-1/2

[Event "*** Titled Tuesday Blitz"]
[Site "Chess.com"]
[Date "2021.03.30"]
[Round "10"]
[White "ChelsieMonica"]
[Black "Yurovskykh_Oleksandr"]
[Result "1-0"]
[WhiteElo "2416"]
[BlackElo "2515"]
[TimeControl "180+1"]
[EndTime "11:57:04 PDT"]
[Termination "ChelsieMonica won by checkmate"]

1. e4 c6 2. Ke2 d5 3. exd5 cxd5 4. Nf3 Nc6 5. d4 Bg4 6. h3 Bh5 7. g4 Bg6 8. Bg2 e6 9. c3 Bd6 10. h4 h5 11. g5 Nge7 12. Be3 Qc7 13. Na3 a6 14. Nc2 O-O-O 15. Nce1 f6 16. Bh3 Nf5 17.
Nd3 Kb8 18. gxf6 gxf6 19. Rg1 Bh7 20. Nc5 Rhe8 21. Qb3 Bxc5 22. dxc5 e5 23. Kf1 d4 24. cxd4 Nfxd4 25. Nxd4 exd4 26. Bh6 d3 27. Rg7 Re7 28. Rxe7 Nxe7 29. Bg2 Nc6 30. Rd1 Ne5 31. Bf4 Rd7 32.
c6 Rd4 33. Be3 Rd6 34. cxb7 Ng4 35. Bf4 Ne5 36. Qb4 Rb6 37. Qf8+ Ka7 38. Qa8# 1-0

[Event "*** Titled Tuesday Blitz"]
[Site "Chess.com"]
[Date "2021.03.30"]
[Round "10"]
[White "Myshakov_Fedor"]
[Black "enriquetejedor"]
[Result "0-1"]
[WhiteElo "2422"]
[BlackElo "2616"]
[TimeControl "180+1"]
[EndTime "11:57:05 PDT"]
[Termination "enriquetejedor won on time"]

1. c4 b5 2. cxb5 a6 3. bxa6 Bxa6 4. d3 Nf6 5. Nd2 g6 6. Ngf3 Bg7 7. g3 O-O 8. Bg2 c5 9. O-O Nc6 10. Nc4 d5 11.
Nce5 Nxe5 12. Nxe5 Qd6 13. Bf4 Nh5 14. Nxf7 Qf6 15. Nh6+ Kh8 16. Bc1 Qe6 17. e4 dxe4 18.
Bxe4 Rad8 19. Qg4 Qxg4 20. Nxg4 c4 21. dxc4 Bxc4 22. Re1 Nf6 23. Nxf6 Rxf6 24. Bg5 Re6 25. Bg2 Rxe1+ 26. Rxe1 Bxb2 27. Bxe7 Rc8 28. a3 Kg7 29. Bb4 Bf7 30. h4 h6 0-1

[Event "*** Titled Tuesday Blitz"]
[Site "Chess.com"]
[Date "2021.03.30"]
[Round "10"]
[White "KaterynaLagno"]
[Black "Yaryi_sergey"]
[Result "1-0"]
[WhiteElo "2684"]
[BlackElo "2526"]
[TimeControl "180+1"]
[EndTime "11:57:06 PDT"]
[Termination "KaterynaLagno won by resignation"]

1. e4 e6 2. d4 d5 3. Nd2 Nf6 4. e5 Nfd7 5. Bd3 c5 6. c3 Nc6 7.
Ndf3 c4 8. Bc2 h6 9. Ne2 b5 10.
a3 Nb6 11. Ng3 a5 12. Nh5 Kd7 13. O-O Kc7 14. Ne1 Bd7 15. f4 g6 16. Nf6 Be7 17.
Nxd7 Qxd7 18. b3 cxb3 19. Bxb3 a4 20. Bc2 Na5 21. Rb1 Nac4 22. Ra1 Rhb8 23. Bd3 Qe8 24.
Nc2 Qf8 25. Kh1 h5 26. Qf3 Ra7 27. Rb1 Rab7 28. Rxb5 Nxa3 29. Nxa3 Bxa3 30. Bxa3 Qxa3 31. Rfb1 Nd7 32. c4 Rxb5 33. cxb5 Kb6 34. Qd1 Rc8 35.
Bf1 Rc3 36. Qe1 Rc4 37. Bxc4 dxc4 38. Qe4 Nb8 39. d5 Qd3 40. Qxd3 cxd3 41. d6 a3 42. Kg1 Nd7 43. Kf2 Nc5 44. Ke3 Ka5 45. b6 a2 46. Ra1 Kxb6 47. Rxa2 Kc6 48. Ra7 f6 49. Rc7+ Kd5 50. Rxc5+ 1-0

[Event "*** Titled Tuesday Blitz"]
[Site "Chess.com"]
[Date "2021.03.30"]
[Round "10"]
[White "LamaChampetre"]
[Black "Nemsko"]
[Result "0-1"]
[WhiteElo "2218"]
[BlackElo "2317"]
[TimeControl "180+1"]
[EndTime "11:57:06 PDT"]
[Termination "Nemsko won by resignation"]

1. d4 d5 2. c4 e6 3. Nf3 Nf6 4. g3 Bb4+ 5. Bd2 Be7 6. Bg2 O-O 7. O-O b6 8. Qc2 c6 9. Rd1 Ba6 10. b3 Nbd7 11. a4 Rc8 12. a5 b5 13. c5 Ne4 14.
Bf4 Bf6 15. Nc3 Nxc3 16. Qxc3 b4 17. Qxb4 Bxe2 18. Re1 Bb5 19. a6 Re8 20. Bf1 Bxf1 21. Kxf1 Nf8 22. Bd6 Qd7 23. Qd2 Be7 24. Bf4 Bd8 25. Ne5 Qe7 26. Qa2 f6 27. Nd3 Bc7 28. Qa4 Bxf4 29. gxf4 Qf7 30. Re3 Qh5 31. Kg2 Ng6 32.
Rae1 Nh4+ 33. Kf1 Nf3 34. Rxf3 Qxf3 35. Nb4 Qh1+ 36. Ke2 Qe4+ 37. Kf1 Qxd4 38. Nxc6 Qxa4 39. bxa4 Rxc6 0-1

[Event "*** Titled Tuesday Blitz"]
[Site "Chess.com"]
[Date "2021.03.30"]
[Round "10"]
[White "sorrm8thatscheckm8"]
[Black "swimmerchess"]
[Result "1/2-1/2"]
[WhiteElo "2643"]
[BlackElo "2827"]
[TimeControl "180+1"]
[EndTime "11:57:08 PDT"]
[Termination "Game drawn by agreement"]

1. d4 Nf6 2. c4 g6 3. g3 Bg7 4. Bg2 O-O 5. Nc3 d6 6. Nf3 Nbd7 7. O-O e5 8. e4 exd4 9. Nxd4 Re8 10. h3 a6 11. Re1 Rb8 12. Be3 Ne5 13. b3 c5 14.
Nde2 b5 15. f4 Ned7 16. Qxd6 b4 17. e5 bxc3 18. Nxc3 Rb6 19. Qd2 Nh5 20. g4 Nxf4 21. Bxf4 Rbe6 22. Rad1 Qa5 23. Nd5 Qxd2 24. Rxd2 Nxe5 25.
Red1 Rf8 26. Nc7 Re7 27. Nd5 Re6 28. Be3 Nd7 29. Bf2 Bh6 30. Rc2 Rfe8 31. Nc7 Re2 32. Rxe2 Rxe2 33. Nxa6 Rxa2 34. Nxc5 Nf8 35. Rd8 Be6 36.
Nxe6 fxe6 37. Bc5 Kf7 38. Bxf8 Bxf8 39. Rd1 Bc5+ 40. Kh1 Ke7 41. Rb1 Bb4 42. Kg1 Kd6 43. Rd1+ Kc7 44. Bf1 Bc5+ 45. Kh1 Bd6 46. Bg2 Bc5 47.
Re1 Kd6 48. Rd1+ Kc7 1/2-1/2

[Event "*** Titled Tuesday Blitz"]
[Site "Chess.com"]
[Date "2021.03.30"]
[Round "10"]
[White "Trickster_Pony"]
[Black "BanjoKazooieN64"]
[Result "0-1"]
[WhiteElo "1535"]
[BlackElo "2541"]
[TimeControl "180+1"]
[EndTime "11:57:08 PDT"]
[Termination "BanjoKazooieN64 won on time"]

1. c4 e6 2. g3 f5 3. Bg2 Nf6 4. d4 Be7 5. Nc3 O-O 6. Nf3 d6 7. O-O a5 8. b3 Qe8 9. Bb2 Qh5 10. e3 Nc6 11. Ne2 Qh6 12. d5 exd5 13. cxd5 Nb4 14.
Nf4 g5 15. Ne6 Bxe6 16. dxe6 f4 17. exf4 gxf4 18. a3 Nc6 19. Nd4 Ne5 20. Nf5 Qg5 21. Nxe7+ Kh8 22. Bxe5 dxe5 23. Nd5 Ng4 24. e7 Rg8 25.
Nxc7 Rac8 26. e8=Q Rcxe8 27. Nxe8 Rxe8 28. Qd7 Nf6 29. Qxb7 e4 30. Rae1 f3 31. Bxf3 exf3 32. Rxe8+ Nxe8 33. Qa8 Qe5 34. Qxf3 Nf6 35. Rc1 Kg7 36. Qb7+ Kg6 37.
Qb6 h5 38. Qe3 Ne4 39. f4 Qd5 40. Re1 Nf6 0-1

[Event "*** Titled Tuesday Blitz"]
[Site "Chess.com"]
[Date "2021.03.30"]
[Round "10"]
[White "AthanasiusLefebvre"]
[Black "politeplayer"]
[Result "0-1"]
[WhiteElo "2023"]
[BlackElo "2215"]
[TimeControl "180+1"]
[EndTime "11:57:10 PDT"]
[Termination "politeplayer won by resignation"]

1. g3 g6 2. Bg2 Bg7 3. Nf3 Nf6 4. O-O O-O 5. d3 d5 6. c4 d4 7. Nc3 dxc3 8. bxc3 c6 9. Rb1 Nbd7 10. Qc2 Qa5 11. Bd2 Qh5 12. Rfe1 Ne5 13. Nd4 Bh3 14. Bh1 b6 15. f4 Neg4 16. Bxc6 Rac8 17. Bf3 e5 18. fxe5 Qxe5 19. Nc6 Rxc6 20. Bxc6 Nh5 21. d4 Qd6 22.
Bg2 Bxg2 23. Kxg2 Nxh2 24. Kxh2 Qxg3+ 25. Kh1 Re8 26. e4 Qh3+ 27. Kg1 Qg4+ 28. Kh2 Re5 29. Qd3 Nf4 30. Bxf4 Rh5+ 0-1

[Event "*** Titled Tuesday Blitz"]
[Site "Chess.com"]
[Date "2021.03.30"]
[Round "10"]
[White "Cryptochess"]
[Black "djano"]
[Result "1-0"]
[WhiteElo "2581"]
[BlackElo "2442"]
[TimeControl "180+1"]
[EndTime "11:57:14 PDT"]
[Termination "Cryptochess won by resignation"]

1. e4 c5 2. Nf3 g6 3. c3 d5 4.
exd5 Qxd5 5. d4 Bg7 6. Be3 cxd4 7.
cxd4 Nf6 8. Nc3 Qd6 9. Bc4 O-O 10. O-O Nc6 11. a3 Bg4 12. d5 Ne5 13. Be2 Nxf3+ 14.
Bxf3 Bf5 15. Rc1 a6 16. Qb3 b5 17. a4 Ng4 18. Bxg4 Bxg4 19. axb5 axb5 20. Nxb5 Qd7 21. Rc7 Qf5 22. Rxe7 Rab8 23. Ba7 Rbd8 24. d6 Qh5 25.
Rfe1 Be6 26. R1xe6 fxe6 27. d7 Kh8 28. Bb6 Ra8 29. g3 Ra1+ 30. Kg2 Qf3+ 31. Qxf3 1-0